 Dungeon Crawl Stone Soup version 0.25.1-2-g60ff931df9 (webtiles) character file.

Game seed: 6583255659951486945

90 Kraken2834 the Skirmisher (level 4, -4/40 HPs)
             Began as a Draconian Berserker on Sept 30, 2020.
             Was a Believer of Trog.
             Killed from afar by an orc wizard (10 damage)
             ... with a puff of flame
             ... on level 3 of the Dungeon.
             The game lasted 00:17:57 (2002 turns).

Kraken2834 the Skirmisher (Draconian Berserker)     Turns: 2002, Time: 00:17:57

Health: -4/40      AC:  5    Str: 20    XL:     4   Next: 32%
Magic:  4/4        EV: 13    Int:  7    God:    Trog [**....]
Gold:   132        SH:  0    Dex: 11    Spells: 3/3 levels left

rFire    x . .     SeeInvis .   a - +0 hand axe
rCold    + . .     Gourm    .   (no shield)
rNeg     . . .     Faith    .   (armour unavailable)
rPois    .         Spirit   .   (helmet restricted)
rElec    .         Reflect  .   (no cloak)
rCorr    .         Harm     .   (no gloves)
MR       .....                  (no boots)
Stlth    +.........             l - amulet of magic regeneration
HPRegen  0.13/turn              q - ring of ice
MPRegen  0.34/turn              (no ring)

@: confused
A: unfitting armour, cold-blooded, AC +5
a: Berserk, Trog's Hand, Renounce Religion


You were on level 3 of the Dungeon.
You worshipped Trog.
Trog was pleased with you.
You were not hungry.

You visited 1 branch of the dungeon, and saw 3 of its levels.

You collected 132 gold pieces.

Inventory:

Hand Weapons
 a - a +0 hand axe (weapon)
Missiles
 d - 22 sling bullets
 g - 9 boomerangs (quivered)
Armour
 m - a +0 helmet
 p - a +2 leather armour of poison resistance
Jewellery
 l - an amulet of magic regeneration (around neck)
 q - a ring of ice (left hand)
Scrolls
 e - a scroll of remove curse {unknown}
 f - a scroll of blinking {unknown}
 i - 4 scrolls of enchant weapon {unknown}
 j - 3 scrolls of identify {unknown}
 k - a scroll of random uselessness {unknown}
 n - a scroll of magic mapping {unknown}
 o - 2 scrolls of teleportation {unknown}
Potions
 c - a potion of curing {unknown}
 h - a potion of berserk rage {unknown}
 r - a potion of heal wounds {unknown}
Comestibles
 b - 5 rations


   Skills:
 + Level 4.1 Fighting
 + Level 4.0 Axes
 + Level 0.7 Throwing
 + Level 3.0 Dodging
 + Level 1.0 Stealth


You had 3 spell levels left.
You didn't know any spells.
Your spell library was empty.

Dungeon Overview and Level Annotations

Branches:
Dungeon (3/15)

Altars:
Qazlal
Wu Jian


Innate Abilities, Weirdness & Mutations

Your plain brown scales are hard. (AC +5)
You cannot fit into any form of body armour.
You are cold-blooded and may be slowed by cold attacks.


Message History

You barely miss something.
Your tail-slap misses something.
Something hits you but does no damage.
You slash something! Something hits you but does no damage.
Something hits you but does no damage.
You see here a jackal corpse.
You're too confused to move!
You hear some strange, mumbled words.
A puff of flame appears from out of thin air!
The puff of flame hits you! The fire burns you terribly!
* * * LOW HITPOINT WARNING * * *
You're too confused!
You bump into the rock wall.
Something hits you.
* * * LOW HITPOINT WARNING * * *
There is a stone staircase leading up here.
You bump into the rock wall.
Something hits you.
* * * LOW HITPOINT WARNING * * *
You hear some strange, mumbled words.
A puff of flame appears from out of thin air!
The puff of flame hits you! The fire burns you terribly!
You die...

...###...... ...
...........# #.#
...........#### #.# #
............... ..#.#
......<....# ####.#.
...........# #.##..
...........# #.##.#
..........{###.##†##..##
..........)<@.)..........
.#####.#######.##....##+#
#. #+###.### .. .# ##. ##


There were no monsters in sight!

Vanquished Creatures
  2 adders (D:2)
  A worm (D:2)
  4 dart slugs
  A leopard gecko (D:1)
  3 orcs (D:3)
  13 giant cockroaches
  6 goblins
  5 hobgoblins
  3 jackals (D:3)
  5 kobolds
  A bat (D:2)
  3 frilled lizards (D:1)
  A jackal skeleton (D:2)
  2 rats
  3 toadstools (D:1)
53 creatures vanquished.

Vanquished Creatures (others)
  A toadstool (D:1)
1 creature vanquished.

Grand Total: 54 creatures vanquished

Notes
Turn   | Place    | Note
-------+----------+-------------------------------------------
     0 | D:1      | Kraken2834 the Draconian Berserker began the quest for the
                  | Orb.
     0 | D:1      | Reached XP level 1. HP: 19/19 MP: 1/1
   211 | D:1      | Reached XP level 2. HP: 11/26 MP: 2/2
   969 | D:2      | Reached XP level 3. HP: 31/33 MP: 3/3
  1022 | D:2      | Reached skill level 1 in Stealth
  1158 | D:2      | Found a stormy altar of Qazlal.
  1195 | D:2      | Found an ornate altar of the Wu Jian Council.
  1198 | D:2      | Reached ** piety under Trog
  1740 | D:2      | Reached XP level 4. HP: 35/40 MP: 4/4
  2002 | D:3      | Killed from afar by an orc wizard

Illustrated notes

Levels and vault maps discovered:
D:1:      ldierk_water_garden, layout_rooms, minmay_pentomino_v2
D:2:      minmay_roachtagon, layout_loops_ring,
          grunt_temple_overflow_magic_moments, overflow_temple_1_default,
          nicolae_qazlal_general_emergency, nicolae_ru_great_annihilating_truth,
          uniq_terence
D:3:      layout_basic, lemuel_doored_altar, dk_noncrumbling_3

Skill      XL: |  1  2  3  4 |
---------------+-------------+-----
Dodging        | 3 |  3.0
Stealth        | 1 |  1.0
Fighting       | 4 |  4.1
Axes           | 4 |  4.0
Throwing       | |  0.7

Action                   |  1- 3 |  4- 6 || total
-------------------------+-------+-------++-------
Melee: Hand axe          |   120 |    36 ||   156
       Tailslap          |     8 |     5 ||    13
Throw: Boomerang         |     2 |       ||     2
Invok: Berserk           |     1 |       ||     1
  Eat: Chunk             |     2 |       ||     2
       Ration            |     1 |       ||     1
Armor: Skin              |    40 |    19 ||    59
Dodge: Dodged            |    72 |    23 ||    95
